 Dungeon Crawl Stone Soup version 0.27.1 (webtiles) character file.

Game seed: 11812829261194413713

71 Atelerd the Digger (level 4, -5/27 HPs)
             Began as an Octopode Earth Elementalist on Sept 1, 2021.
             Slain by an orc (8 damage)
             ... on level 3 of the Dungeon.
             The game lasted 00:02:20 (3102 turns).

Atelerd the Digger (Octopode Earth Elementalist)    Turns: 3102, Time: 00:02:21

Health: -5/27      AC:  1    Str:  5 (7)  XL:     4   Next: 24%
Magic:  8/8        EV: 13    Int: 15 (18) God:
Gold:   102        SH:  0    Dex: 11 (12) Spells: 7/8 levels left

rFire    . . .     SeeInvis .   (no weapon)
rCold    + . .     Faith    .   (no shield)
rNeg     . . .     Spirit   .   (helmet restricted)
rPois    .         Reflect  .   (no amulet)
rElec    .         Harm     .   k - ring of protection from cold
rCorr    .         Rampage  .   (no ring)
Will     .....                  (no ring)
Stlth    +++.......             (no ring)
HPRegen  0.09/turn              (no ring)
MPRegen  0.11/turn              (no ring)
                                (no ring)
                                (no ring)

@: no status effects
A: almost no armour, amphibious, 8 rings, camouflage 1, gelatinous body 1,
(nimble swimmer 1), tentacles
a: no special abilities


You were on level 3 of the Dungeon.
You visited 1 branch of the dungeon, and saw 3 of its levels.

You collected 102 gold pieces.

Inventory:

Missiles
 b - 67 stones
Jewellery
 k - a ring of protection from cold (left tentacle)
Wands
 j - a wand of digging (5)
Scrolls
 a - 2 scrolls of vulnerability {unknown}
 d - a scroll of amnesia {unknown}
 g - 4 scrolls of identify {unknown}
 i - a scroll of enchant weapon {unknown}
 l - a scroll of silence {unknown}
 n - a scroll of fear {unknown}
 o - a scroll of brand weapon {unknown}
 p - a scroll of teleportation {unknown}
Potions
 h - a potion of degeneration
 m - a potion of heal wounds {unknown}


   Skills:
 - Level 2.0 Dodging
 - Level 2.6 Stealth
 + Level 2.8 Spellcasting
 + Level 2.3 Transmutations
 + Level 3.7 Earth Magic


You had 7 spell levels left.
You knew the following spells:

 Your Spells              Type           Power      Damage    Failure   Level
a - Sandblast             Erth           26%        2d8       4%          1

Your spell library contained the following spells:

 Spells                   Type           Power      Damage    Failure   Level
 Passwall                 Tmut/Erth      9%         N/A       9%          2
 Stone Arrow              Conj/Erth      14%        3d7       28%         3
 Petrify                  Tmut/Erth      11%        N/A       50%         4


Dungeon Overview and Level Annotations

Branches:
Dungeon (3/15)

Altars:
Qazlal
Wu Jian


Innate Abilities, Weirdness & Mutations

You cannot wear most types of armour.
You are amphibious.
You can wear up to eight rings at the same time.
Your skin changes colour to match your surroundings (Stealth+).
Your rubbery body absorbs attacks. (AC +1, EV +1)
((You are camouflaged near water. (Stealth+)))
You have tentacles for arms and can constrict up to eight enemies at once.


Message History

Aim: an orc, wielding a +0 flail and wearing a +0 ring mail (82% to hit)
The blast of sand hits something.
Something hits you.
Casting: Sandblast (safe; 4% risk of failure)
Confirm with . or Enter, or press ? or * to list all spells.
Aiming: Sandblast (safe; 4% risk of failure)
Press: ? - help, Shift-Dir - straight line, f/p - orc
Aim: an orc, wielding a +0 flail and wearing a +0 ring mail (82% to hit)
The blast of sand hits something!
Reactivating autopickup.
You feel a bit more experienced.
You have reached level 4!
The orc wizard mumbles some strange words.
The orc wizard flickers and vanishes!
Deactivating autopickup; reactivate with Ctrl-A.
The orc barely misses you.
You are confused.
There is an open door here.
You tentacle-slap the orc but do no damage.
The orc hits you with a +0 flail. The orc closely misses you.
It was a potion of degeneration.
There was something very wrong with that liquid.
You feel weakened.
You feel dopey.
You feel clumsy. The orc hits you but does no damage.
It was a potion of haste.
You feel yourself speed up. The orc hits you but does no damage.
It was a potion of magic.
Magic courses through your body.
The orc hits you with a +1 dagger of flaming.
* * * LOW HITPOINT WARNING * * *
The orc burns you.
* * * LOW HITPOINT WARNING * * *
Something hits you.
* * * LOW HITPOINT WARNING * * *
The orc misses you.
It was a potion of cancellation.
Your magical effects are unravelling.
You feel magically purged.
You feel yourself slow down.
You feel less confused. The orc hits you with a +0 flail!
You die...

#...####....##.#.##†.#..
######............#.......##.
...........................<.
###.......##....#.#########..
#.##....##.................
#. #....#...#.#........###. .
####+#+###.#........# #.
#.....o....#........# #+
#.....o@####........#
#.....o.'..'.........
##.......####.........
#........##...........
#.#########.#####.....
#.#.......#.# .....
#)#...8...#.# .....
#o#.......#.# ####
#o'.8...8.+.#


You could see 3 orcs.

Vanquished Creatures
  An orc wizard (D:3)
  An adder (D:2)
  A dart slug (D:2)
  3 endoplasms
  2 giant cockroaches (D:1)
  5 hobgoblins
  3 jackals (D:1)
  3 quokkas (D:1)
  4 ball pythons
  6 bats
  2 frilled lizards
  3 rats
34 creatures vanquished.

Notes
Turn   | Place    | Note
-------+----------+-------------------------------------------
     0 | D:1      | Atelerd the Octopode Earth Elementalist began the quest for
                  | the Orb.
     0 | D:1      | Reached XP level 1. HP: 11/11 MP: 3/3
   654 | D:1      | Reached XP level 2. HP: 17/17 MP: 5/5
  1099 | D:1      | Found a faded altar of an unknown god.
  2080 | D:2      | Reached XP level 3. HP: 17/21 MP: 6/6
  2912 | D:3      | Found an ornate altar of the Wu Jian Council.
  2955 | D:3      | Found a stormy altar of Qazlal.
  2957 | D:3      | Noticed an earth elemental
  2957 | D:3      | Noticed a water elemental
  2958 | D:3      | Noticed an air elemental
  2958 | D:3      | Noticed a fire elemental
  3088 | D:3      | Reached XP level 4. HP: 16/27 MP: 0/8
  3102 | D:3      | Slain by an orc

Illustrated notes

Levels and vault maps discovered:
D:1:      amcnicky_arrival_blooded_trapdoor, layout_loops_ring,
          hellmonk_ecumenical_altar_lost_god, nrook_mini_vaults
D:2:      layout_basic
D:3:      layout_basic, gammafunk_temple_overflow_wave,
          mainiacjoe_overflow_brackets, nicolae_qazlal_style_of_elements,
          lemuel_crystal_altar, hex_tiny, kennysheep_generic_room_10

Skill      XL: |  1  2  3 |
---------------+----------+-----
Transmutations | 2 |  2.3
Dodging        | |  2.0
Stealth        | |  2.6
Spellcasting   | |  2.8
Earth Magic    | |  3.7

Action                   |  1- 3 |  4- 6 || total
-------------------------+-------+-------++-------
Melee: Unarmed           |   109 |     1 ||   110
       Constrict         |    29 |       ||    29
       Tentacles         |    14 |       ||    14
 Cast: Sandblast         |    17 |       ||    17
  Use: Potion            |       |     4 ||     4
 Stab: Sleeping          |    14 |       ||    14
Armor: Skin              |    15 |     2 ||    17
Dodge: Dodged            |    91 |     3 ||    94
